Get step-by-step instructions on how to execute this build order below. Start the game timer, and the build order will tick by so you can play in parallel with StarCraft on a second screen or mobile device.

Game Time

  0:00

Last Step

  N/A

Next Step

Upcoming Step



Don't want to look back and forth between 2 screens? Try out our Overwolf App, the Spawning Tool Build Advisor to get an in-game overlay with this build!

Complete Build Order

  12  0:01  SCV  
  13  0:13  SCV  
  14  0:23  Supply Depot  
  14  0:26  SCV  
  15  0:40  Refinery  
  15  0:45  SCV  
  15  0:49  Refinery  
  16  0:57  SCV  
  17  1:07  Barracks  
  17  1:09  SCV  
  18  1:32  SCV  
  19  1:44  SCV  
  20  1:55  Supply Depot  
  20  1:56  SCV  
  21  2:08  SCV  
  22  2:20  SCV  
  22  2:22  Reaper  
  24  2:29  Supply Depot  
  24  2:52  Supply Depot  
  24  2:53  Refinery  
  24  2:54  Reaper  
  24  2:57  Refinery  
  25  3:04  SCV  
  26  3:16  SCV  
  27  3:26  Reaper  
  28  3:28  SCV  
  28  3:31  Command Center  
  29  3:40  SCV  
  30  3:48  Engineering Bay  
  30  3:51  Supply Depot  
  30  3:52  SCV  
  31  3:58  Reaper  
  32  4:15  Factory  
  32  4:30  Reaper  
  33  4:33  Supply Depot  
  33  5:02  Marine  
  34  5:09  Factory Tech Lab  
  34  5:15  Armory  
  34  5:20  Reaper  
  35  5:27  Orbital Command  
  35  5:28  Starport  
  35  5:30  Orbital Command  
  35  5:36  Siege Tank  
  38  5:52  Reaper  
  39  6:00  SCV  
  40  6:08  Siege Tank  
  40  6:11  SCV  
  44  6:13  SCV  
  44  6:16  Starport Tech Lab  
  45  6:23  SCV  
  45  6:24  Reaper  
  45  6:25  SCV  
  48  6:35  SCV  
  48  6:37  SCV  
  50  6:40  Siege Tank  
  50  6:46  Supply Depot  
  53  6:47  SCV  
  53  6:49  SCV  
  54  6:56  Reaper  
  44  7:17  Siege Tank  
  44  7:18  Banshee  
  48  7:25  SCV  
  48  7:28  Reaper  
  50  7:38  SCV  
  51  7:49  Siege Tank  
  51  7:50  SCV  
  55  7:55  SCV  
  56  8:00  Reaper  
  57  8:21  Siege Tank  
  60  8:28  Missile Turret  
  60  8:33  Reaper  
  61  8:40  SCV  
  62  8:43  Missile Turret  
  62  8:53  SCV, Siege Tank  
  66  8:57  Missile Turret  
  66  9:02  Missile Turret  
  66  9:04  Missile Turret  
  66  9:05  Reaper, SCV  
  68  9:13  SCV  
  69  9:17  SCV  
  69  9:19  Terran Vehicle And Ship Armor Level 1  
  70  9:25  SCV  
  70  9:26  Siege Tank  
  70  9:29  SCV  
  75  9:32  Fusion Core  
  75  9:37  Reaper, SCV  
  77  9:41  SCV  
  78  10:04  Supply Depot  
  78  10:09  Supply Depot  
  78  10:25  Banshee, SCV x2, Reaper  
  84  10:31  Siege Tank  
  87  10:37  SCV  
  88  10:49  SCV  
  89  10:57  Reaper  
  89  11:01  SCV  
  89  11:03  Siege Tank  
  94  11:06  Missile Turret  
  94  11:13  Missile Turret, Terran Vehicle Weapons Level 1  
  94  11:14  Missile Turret  
  94  11:24  Missile Turret  
  94  11:48  Supply Depot  
  94  11:50  Missile Turret  
  94  11:53  Missile Turret  
  94  12:07  Missile Turret  
  94  12:09  SCV, Reaper, Siege Tank  
  99  12:26  Refinery  
  99  12:28  Command Center  
  99  12:41  SCV, Reaper  
  101  12:53  SCV  
  102  13:04  Supply Depot  
  102  13:06  Supply Depot  
  102  13:07  Terran Ship Weapons Level 1  
  102  13:24  Weapon Refit  
  102  13:25  SCV, Reaper, Battlecruiser  
  110  13:27  Supply Depot  
  110  13:29  Supply Depot  
  110  13:37  SCV  
  111  13:49  SCV  
  111  13:52  SCV  
  113  14:04  SCV  
  114  14:18  Barracks Tech Lab  
  114  14:30  Battlecruiser  
  114  14:31  Infernal Pre-Igniter  
  120  14:39  Cloaking Field  
  120  14:57  Caduceus Reactor  
  114  15:19  Missile Turret  
  114  15:28  Missile Turret  
  114  15:34  Battlecruiser  
  120  15:43  Orbital Command  
  120  15:49  Refinery  
  120  15:50  Hurricane Engines  
  120  15:54  Advanced Ballistics  
  120  16:20  Siege Tank  
  123  16:28  Starport  
  123  16:38  Battlecruiser  
  129  16:44  Starport  
  129  16:52  Siege Tank  
  129  16:53  Starport  
  132  16:57  SCV  
  133  17:09  SCV  
  134  17:20  Refinery  
  134  17:21  SCV  
  135  17:24  Siege Tank  
  135  17:26  Refinery  
  135  17:29  Drilling Claws  
  138  17:33  SCV  
  139  17:42  Battlecruiser  
  145  17:45  SCV  
  148  18:15  Starport Tech Lab  
  148  18:21  Starport Tech Lab  
  148  18:25  Starport Tech Lab  
  146  18:47  Battlecruiser  
  146  18:48  Smart Servos  
  145  19:24  Supply Depot  
  145  19:26  Supply Depot  
  145  19:35  Hyperflight Rotors  
  145  19:46  Battlecruiser x2  
  145  19:47  Supply Depot  
  145  19:48  Thor  
  145  19:49  Supply Depot  
  163  20:01  Terran Ship Weapons Level 2  
  163  20:09  Battlecruiser  
  163  20:11  Battlecruiser  
  175  20:30  Thor  
  181  20:59  Missile Turret  
  181  21:04  Missile Turret  
  181  21:36  Interference Matrix